 Dungeon Crawl Stone Soup version 0.31-a0-1540-g5a0b83f448 (webtiles) character file.

Game seed: 16968052844346115862

416 voltaire321 the Apothecary (level 6, -2/45 HPs)
             Began as a Demonspawn Alchemist on Jan 1, 2024.
             Succumbed to an orc wizard's poison
             ... on level 4 of the Dungeon.
             The game lasted 00:10:10 (4222 turns).

voltaire321 the Apothecary (Demonspawn Alchemist)   Turns: 4222, Time: 00:10:10

Health: -2/45      AC:  2    Str:  7 (10) XL:     6   Next: 60%
Magic:  2/10       EV: 12    Int: 14 (16) God:
Gold:   114        SH:  5    Dex: 20 (23) Spells: 3/10 levels left

rFire   . . .        k - +1 dagger (vamp)
rCold   . . .        d - +0 buckler
rNeg    . . .        a - +0 robe
rPois   .            (no helmet)
rElec   .            (no cloak)
rCorr   +            (no gloves)
SInv    .            (no boots)
Will    +....        (no amulet)
Stlth   ++++         p - ring of resist corrosion
HPRegen 0.27/turn    t - +6 ring of dexterity
MPRegen 0.12/turn

%: no passive effects
@: mighty, lethally poisoned (-2 -> -25), enlightened, flying
A: hooves 2, thin skeletal structure 2
a: no special abilities


You were on level 4 of the Dungeon.
You visited 1 branch of the dungeon, and saw 4 of its levels.

You collected 114 gold pieces.

Inventory:

Hand Weapons
 k - a +1 vampiric dagger (weapon)
 v - a +0 rapier
Armour
 a - a +0 robe (worn)
 d - a +0 buckler (worn)
Jewellery
 p - a ring of resist corrosion (left hand)
 q - an amulet of guardian spirit
 t - a +6 ring of dexterity (right hand)
Scrolls
 f - 2 scrolls of fog {unknown}
 g - 5 scrolls of identify {unknown}
 h - 2 scrolls of enchant weapon {unknown}
 i - a scroll of silence {unknown}
 j - 2 scrolls of teleportation {unknown}
 o - a scroll of blinking {unknown}
 r - 2 scrolls of brand weapon {unknown}
 s - 2 scrolls of immolation {unknown}
 u - a scroll of noise {unknown}
Potions
 b - a potion of magic
 e - a potion of curing {unknown}
 l - a potion of enlightenment
 m - a potion of degeneration
 n - a potion of haste {unknown}


   Skills:
 + Level 2.3 Fighting
 + Level 2.0 Armour
 + Level 2.7 Dodging
 - Level 1.7 Stealth
 + Level 1.9 Shields
 + Level 2.8 Spellcasting
 + Level 2.5 Conjurations
 + Level 1.3 Air Magic
 + Level 3.8 Alchemy


You had 3 spell levels left.
You knew the following spells:

 Your Spells              Type           Power      Damage    Failure   Level
a - Sting                 Conj/Alch      40%        1d5       10%         1
b - Mercury Vapours       Alch/Air       18%        N/A       19%         2
c - Olgreb's Toxic Radia  Alch           12%        N/A       58%         4

Your spell library contained the following spells:

 Spells                   Type           Power      Damage    Failure   Level
 Magic Dart               Conj           36%        1d4       13%         1
 Mephitic Cloud           Conj/Alch/Air  9%         N/A       36%         3
 Blink                    Tloc           4%         N/A       47%         2
 Call Imp                 Summ           4%         N/A       47%         2
 Dazzling Flash           Conj/Hex       10%        N/A       54%         3
 Volatile Blastmotes      Fire/Tloc      4%         2d10      71%         3
 Sticky Flame             Fire/Alch      7%         2d4       85%         4
 Starburst                Conj/Fire      2%         6d3       100%        6
 Maxwell's Capacitive Co  Air            2%         ∞         100%        8


Dungeon Overview and Level Annotations

Branches:
Dungeon (4/15)
 Temple: D:4-7

Altars:
Fedhas
Kikubaaqudgha
Okawaru

Shops:
D:2 [


Innate Abilities, Weirdness & Mutations

You have hoof-like feet.
You have a moderately thin skeletal structure. (Dex +4, Stealth++)


Message History

Aiming: Sting (safe; 8% risk of failure)
Press: ? - help, Q - select action, (/) - cycle Shift-Dir - straight line, f/p - orc wizard
Aim: an orc wizard, wielding a +0 dagger and wearing a +0 robe (moderately wounded, very poisoned, 64% to hit)
The sting hits the orc wizard.
The orc wizard looks even sicker.
The orc wizard is heavily wounded.
The orc wizard gestures wildly while chanting.
The orc wizard flickers and vanishes!
You hit something. Your kick misses something. You block something's attack.
You miss something. Something hits you but does no damage.
You completely miss something. You kick something.
Reactivating autopickup.
You feel a bit more experienced.
Deactivating autopickup; reactivate with Ctrl-A.
You barely miss something. Something hits you.
You are poisoned.
You hit something. You kick something.
You feel sick. Something hits you.
You hit something but do no damage. Your kick misses something.
You feel sick. Something hits you. x2
You are more poisoned.
You hit something but do no damage.
You feel very sick. Something hits you but does no damage.
You are lethally poisoned!
It was a potion of enlightenment.
You feel very buoyant.
You fly up into the air.
You feel very sick. Something hits you.
* * * LOW HITPOINT WARNING * * *
You are more poisoned.
It was a potion of degeneration.
There was something very wrong with that liquid.
You feel weakened.
You feel dopey.
You feel clumsy.
* * * LOW HITPOINT WARNING * * *
You feel extremely sick. Something hits you.
* * * LOW HITPOINT WARNING * * *
It was a potion of might.
You feel very mighty all of a sudden.
You die...

### ##.. #..# #.##
######## #.#~
#Jo)...# #.#~
#{#..o.# #.#~ #@#
.oo# #.#~ ##.# .[#
#.#~ #..# o# #.##
#.## # #...
#.######## ##...
#.##.....# ##..##
### #........#
###..## ..#
####.....###...## #
#.#
#####...........####


You could see an orc and an endoplasm.

Vanquished Creatures
  3 scorpions (D:4)
  A bombardier beetle (D:4)
  An orc priest (D:4)
  Natasha (D:4)
  An orc wizard (D:4)
  5 adders
  A dart slug (D:3)
  3 ribbon worms
  4 orcs
  4 bats
  7 endoplasms
  4 giant cockroaches
  7 goblins
  7 hobgoblins
  4 jackals (D:3)
  7 kobolds
  3 quokkas
  6 ball pythons
  4 frilled lizards
  6 rats
79 creatures vanquished.

Notes
Turn   | Place    | Note
-------+----------+-------------------------------------------
     0 | D:1      | voltaire321 the Demonspawn Alchemist began the quest for
                  | the Orb.
     0 | D:1      | Reached XP level 1. HP: 13/13 MP: 3/3
   409 | D:1      | Gained mutation: You have large cloven feet. [demonic
                  | ancestry]
   409 | D:1      | Reached XP level 2. HP: 19/19 MP: 1/5
  1233 | D:2      | Found an iron altar of Okawaru.
  1241 | D:2      | Reached XP level 3. HP: 25/25 MP: 1/6
  1494 | D:2      | Reached skill level 1 in Fighting
  1832 | D:2      | Found Uhiwat's Antique Armour Emporium.
  1850 | D:2      | Reached skill level 1 in Armour
  2018 | D:2      | Reached skill level 1 in Shields
  2334 | D:3      | Gained mutation: You have a somewhat thin skeletal
                  | structure. (Dex +2, Stealth+) [demonic ancestry]
  2334 | D:3      | Reached XP level 4. HP: 28/32 MP: 3/7
  2558 | D:3      | Found a faded altar of an unknown god.
  3070 | D:3      | Noticed an angel
  3154 | D:3      | Learned a level 2 spell: Mercury Vapours
  3435 | D:4      | Noticed a scorpion
  3441 | D:4      | Killed a scorpion
  3442 | D:4      | Gained mutation: You have a moderately thin skeletal
                  | structure. (Dex +4, Stealth++) [demonic ancestry]
  3442 | D:4      | Reached XP level 5. HP: 38/38 MP: 3/8
  3620 | D:4      | Learned a level 4 spell: Olgreb's Toxic Radiance
  3684 | D:4      | Found an ancient bone altar of Kikubaaqudgha.
  3684 | D:4      | Found a blossoming altar of Fedhas.
  3805 | D:4      | Reached skill level 1 in Air Magic
  3805 | D:4      | Gained mutation: You have hoof-like feet. [demonic
                  | ancestry]
  3805 | D:4      | Reached XP level 6. HP: 44/44 MP: 6/10
  4084 | D:4      | Noticed Natasha
  4093 | D:4      | Killed Natasha
  4222 | D:4      | Succumbed to an orc wizard's poison

Illustrated notes

Levels and vault maps discovered:
D:1:      dpeg_arrival_subterranean_lakeside_camping, layout_loops_ring
D:2:      layout_basic, basic_altar, serial_shops, nicolae_shop_peninsula,
          chequers_serial_rivers_room_a
D:3:      layout_loops_cross, zin_angel, shapermc_ecumenical_altar_flowoftime
D:4:      layout_basic, grunt_temple_overflow_growth_and_decay,
          mainiacjoe_overflow_surrounded_room, corexii_checkpoint,
          kennysheep_minor_cross, nicolae_nh_ransacked_shop, uniq_sigmund,
          uniq_natasha

Skill      XL: |  1  2  3  4  5  6 |
---------------+-------------------+-----
Dodging        | 2 |  2.7
Fighting       | 1 2 |  2.3
Armour         | 1 2 |  2.0
Shields        | 1 |  1.9
Conjurations   | 2 |  2.5
Air Magic      | 1 |  1.3
Stealth        | |  1.7
Spellcasting   | |  2.8
Alchemy        | |  3.8

Action                     |  1- 3 |  4- 6 || total
---------------------------+-------+-------++-------
  Melee: Dagger            |    42 |    40 ||    82
         Kick              |     7 |    10 ||    17
   Cast: Sting             |    71 |    82 ||   153
    Use: Potion            |       |     3 ||     3
   Stab: Sleeping          |     1 |     1 ||     2
 Armour: Robe              |    33 |    32 ||    65
  Dodge: Dodged            |    34 |    24 ||    58
  Block: Buckler           |    14 |    12 ||    26

Table legend: (Time is in decaauts)
 A = Elapsed time spent in this place.
 B = Non-inter-level travel time spent in this place.
 C = Inter-level travel time spent in this place.
 D = Time resting spent in this place.
 E = Time spent auto-exploring this place.
 F = Levels seen in this place.
 G = Mean time per level.
                   A        B        C        D        E       F      G
               +--------+--------+--------+--------+--------+-----+--------+
         Total |   4227 |   4163 |     64 |    559 |   2827 |   4 | 1056.8 |
       Dungeon |   4227 |   4163 |     64 |    559 |   2827 |   4 | 1056.8 |
               +--------+--------+--------+--------+--------+-----+--------+

Top non-repeatable levels by time:
     D:2: 1174 daAuts
     D:1: 1126 daAuts
     D:3: 1092 daAuts
     D:4: 833 daAuts
